Map: Jagannatha LE

Players

BAAZOOOMINEE

  • Race: Zerg Zerg
  • League: Master
  • Spawn Location: 7:00

IIIIIIIIIIII - Winner!

  • Race: Protoss Protoss
  • League: Master
  • Spawn Location: 1:00

VOD

Have the link to the VOD?

Description

Time

  • Played on: Nov. 26, 2020, 10 a.m.
  • Length: 5:32
Show
View Real Time Build Order
Export as new Build Order

BAAZOOOMINEE Zerg 

Build Orders: Pool First 

Get SALT Encoding   

  12  0:00  Drone  
  13  0:12  Drone  
  14  0:26  Drone x2, Extractor x2  
  14  0:29  Drone, Extractor  
  17  0:44  Spawning Pool  
  16  1:06  Hatchery  
  15  1:11  Extractor  
  15  1:16  Overlord  
  14  1:39  Hatchery  
  13  1:45  Drone  
  14  1:48  Zergling x2  
  14  1:52  Zergling x2  
  16  1:59  Drone  
  17  2:12  Queen  
  20  2:18  Drone  
  20  2:19  Drone  
  21  2:24  Metabolic Boost  
  21  2:35  Overlord  
  21  2:40  Drone  
  22  2:50  Queen  
  22  2:51  Queen  
  26  2:54  Drone x2  
  28  3:08  Drone x2  
  30  3:26  Drone x6  
  35  3:34  Lair  
  35  3:37  Overlord  
  35  3:44  Overlord  
  35  4:02  Drone x9  
  44  4:07  Drone  
  44  4:08  Drone  
  46  4:11  Extractor  
  46  4:14  Extractor  
  44  4:17  Zergling x4  
  45  4:25  Spine Crawler  
  45  4:26  Spine Crawler  
  45  4:27  Spine Crawler  
  42  4:33  Zergling x4  
  44  4:42  Zergling x2  
  44  4:43  Zergling x12  
  51  4:52  Overlord  
Show
View Real Time Build Order
Export as new Build Order

IIIIIIIIIIII Protoss - Winner!

Build Orders:  

Get SALT Encoding   

  12  0:00  Probe  
  13  0:12  Probe  
  14  0:20  Pylon  
  14  0:25  Probe (Chrono Boost)  
  15  0:38  Probe (Chrono Boost)  
  15  0:42  Gateway  
  16  0:46  Probe  
  16  0:48  Assimilator  
  17  0:58  Probe  
  17  1:08  Forge  
  17  1:11  Probe (Chrono Boost)  
  18  1:22  Probe (Chrono Boost)  
  19  1:27  Probe (Chrono Boost)  
  22  1:36  Cybernetics Core  
  23  1:43  Photon Cannon  
  23  1:45  Zealot  
  22  1:50  Probe  
  23  2:01  Assimilator  
  23  2:06  Pylon  
  23  2:14  Warp Gate  
  23  2:24  Stalker  
  25  2:32  Robotics Facility  
  25  2:41  Probe  
  26  2:46  Pylon  
  26  2:53  Probe  
  27  3:11  Gateway  
  28  3:13  Gateway  
  28  3:15  Sentry  
  29  3:20  Immortal (Chrono Boost)  
  33  3:39  Pylon  
  33  3:50  Gateway  
  33  3:55  Warp Prism (Chrono Boost)  
  35  4:08  Sentry x2  
  39  4:15  Stalker  
  41  4:35  Stalker x2  
  45  4:42  Pylon  
  45  4:55  Stalker  
  47  5:02  Zealot x2  
  47  5:03  Zealot  
  53  5:21  Zealot  
Tags
 
Add a new tag
Caveats
  • Supply blocks, unpowered buildings, or Contaminate may cause inaccurate times.
  • Supply counts are checked every 10 seconds.